 Dungeon Crawl Stone Soup version 0.27-a0-1118-ga84896973d (console) character file.

Game seed: 4296301539061692080

11971 Gather the Frost Mage (level 11, -34/84 HPs)
             Began as an Octopode Transmuter on May 1, 2021.
             Was a Priest of Sif Muna.
             Annihilated by a frost giant
             ... wielding a +1 battleaxe of freezing
              (36 damage)
             ... in an ice cave on May 2, 2021.
             The game lasted 01:20:42 (17426 turns).

Gather the Frost Mage (Octopode Transmuter)        Turns: 17426, Time: 01:20:42

Health: -34/84     AC:  8    Str:  9    XL:     11   Next: 86%
Magic:  14/16      EV: 13    Int: 18    God:    Sif Muna [***...]
Gold:   777        SH:  5    Dex: 14    Spells: 2/17 levels left

rFire    x . .     SeeInvis .     - Unarmed
rCold    + + +     Faith    .   (shield currently unavailable)
rNeg     . . .     Spirit   .   (helmet currently unavailable)
rPois    +         Reflect  +   m - amulet of reflection
rElec    .         Harm     .   g - ring of flight
rCorr    .         Rampage  .   o - ring of protection from fire
Will     .....                  x - ring of ice
Stlth    ++++......             (no ring)
HPRegen  0.24/turn              (no ring)
MPRegen  0.15/turn              (no ring)
                                (no ring)
                                (no ring)

@: mighty, ice-form, flying
A: freezing attack, boosted hp, almost no armour, amphibious, 8 rings, large,
(camouflage 1), (gelatinous body 1), (nimble swimmer 1), (tentacles)
a: End Transformation, Renounce Religion, Channel Magic, Forget Spell


You were in an ice cave.
You worshipped Sif Muna.
Sif Muna was most pleased with you.
You were a creature of crystalline ice.
You visited 1 branch of the dungeon, and saw 11 of its levels.
You also visited: Sewer and Ice Cave.

You collected 777 gold pieces.

Inventory:

Hand Weapons
 j - a +1 dagger
 u - a +1 hunting sling
 E - a +2 dagger of chaos (melded)
 H - a +2 short sword of protection
 N - a +1 dagger of electrocution
 P - a +0 shortbow of freezing
Missiles
 c - 62 poisoned darts (quivered)
 h - 138 sling bullets
 k - 279 arrows
 n - 250 stones
 p - 4 silver javelins
 y - 11 boomerangs of dispersal
 F - 4 throwing nets
Armour
 I - a +2 buckler (melded)
Magical Staves
 b - a staff of earth
Jewellery
 g - a ring of flight (left front paw)
 m - an amulet of reflection (around neck)
 o - a ring of protection from fire (right front paw)
 x - a ring of ice (on tentacle)
Wands
 a - a wand of charming (6)
 t - a wand of acid (11)
 B - a wand of flame (28)
 C - a wand of iceblast (13)
Scrolls
 w - 3 scrolls of teleportation
 A - 2 scrolls of fear
 J - a scroll of brand weapon {unknown}
 K - a scroll of vulnerability {unknown}
 L - a scroll of enchant armour
 M - a scroll of noise {unknown}
Potions
 d - 8 potions of flight
 e - 9 potions of mutation
 i - 3 potions of might
 l - 2 potions of ambrosia
 q - 2 potions of attraction
 s - 3 potions of lignification
 v - a potion of magic
 z - a potion of haste
 D - a potion of brilliance {unknown}
 G - 2 potions of cancellation {unknown}
 O - a potion of invisibility {unknown}


   Skills:
 - Level 4.7 Fighting
 - Level 7.5 Dodging
 - Level 8.0 Stealth
 + Level 3.8 Shields
 + Level 8.4 Unarmed Combat
 - Level 3.7 Spellcasting
 - Level 2.3 Translocations
 + Level 5.8 Transmutations
 + Level 8.5 Ice Magic
 - Level 4.0 Poison Magic
 - Level 3.8 Invocations
 - Level 3.8 Evocations


You had 2 spell levels left.
You knew the following spells:

 Your Spells              Type           Power      Damage    Failure   Level
a - Beastly Appendage     Tmut           48%        N/A       1%          1
b - Blink                 Tloc           N/A        N/A       9%          2
i - Ice Form              Ice/Tmut       43%        N/A       8%          4
s - Spider Form           Tmut/Pois      10%        N/A       6%          3
w - Wereblood             Tmut           24%        N/A       2%          2
x - Frozen Ramparts       Ice            100%       1d12      1%          3

Your spell library contained the following spells:

 Spells                   Type           Power      Damage    Failure   Level
 Freeze                   Ice            100%       1d11      1%          1
 Magic Dart               Conj           12%        1d3       16%         1
 Call Imp                 Summ           3%         N/A       22%         2
 Slow                     Hex            3%         N/A       22%         2
 Mephitic Cloud           Conj/Pois/Air  8%         N/A       26%         3
 Hydra Form               Tmut           12%        N/A       36%         5
 Conjure Flame            Conj/Fire      3%         6-21      41%         3
 Dazzling Flash           Conj/Hex       6%         N/A       41%         3
 Yara's Violent Unravell  Hex/Tmut       6%         3d5       78%         5
 Cause Fear               Hex            1%         N/A       83%         4
 Leda's Liquefaction      Hex/Erth       1%         N/A       83%         4
 Silence                  Hex/Air        1%         N/A       99%         5
 Discord                  Hex            1%         N/A       100%        8


Dungeon Overview and Level Annotations

Branches:
Dungeon (11/15)            Temple (0/1) D:7             Orc (0/2) D:10
  Sewer (visited)           IceCv (1/1)
   Lair: D:8-11

Altars:
Elyvilon
Fedhas
Gozag
Hepliaklqana
Kikubaaqudgha
Makhleb
Okawaru
Qazlal
Ru
Sif Muna
Uskayaw
Zin
Beogh

Shops:
D:9 (   D:10 [

Annotations:
IceCv exclusion: ice statue


Innate Abilities, Weirdness & Mutations

You are a creature of crystalline ice.
You have a powerful freezing melee attack.
Your maximum health is increased.
Your armour is entirely melded.
You are incapable of wielding weapons or throwing items.
You cannot wear most types of armour.
You are amphibious.
You can wear up to eight rings at the same time.
((Your skin changes colour to match your surroundings (Stealth+).))
((Your rubbery body absorbs attacks. (AC +1, EV +1)))
((You are camouflaged near water. (Stealth+)))
((You have tentacles for arms and can constrict up to eight enemies at once.))


Message History

Your +2 buckler melds into your body.
You feel very mighty all of a sudden.
You hit the frost giant but do no damage.
The frost giant hits you with a +1 battleaxe of freezing!!
You pummel the frost giant!!
The frost giant is lightly wounded.
The frost giant barely misses you.
You punch the frost giant!
The frost giant is moderately wounded.
The frost giant hits you with a +1 battleaxe of freezing!!
The frost giant freezes you.
Okay, then.
Aiming: Corrosive Bolt
Press: ? - help, Shift-Dir - straight line, f - frost giant
Aim: a frost giant, wielding a +1 battleaxe of freezing (moderately wounded, 98% to hit)
The bolt of acid hits the frost giant.
The frost giant is splashed with acid.
The acid corrodes the frost giant!
The frost giant is moderately wounded.
The frost giant hits you with a +1 battleaxe of freezing!
* * * LOW HITPOINT WARNING * * *
You feel much better.
The frost giant hits you with a +1 battleaxe of freezing.
You punch the frost giant!
The frost giant is heavily wounded.
You block the frost giant's attack.
You pummel the frost giant!!
The frost giant is severely wounded.
The frost giant hits you with a +1 battleaxe of freezing!
You are too injured to fight recklessly!
You punch the frost giant!
The frost giant is severely wounded.
You punch the frost giant!
The frost giant is almost dead.
The frost giant hits you with a +1 battleaxe of freezing!!!
* * * LOW HITPOINT WARNING * * *
You hear a bellow! x2
Okay, then.
You hit the frost giant.
The frost giant is almost dead.
The frost giant hits you with a +1 battleaxe of freezing!!!
You die...

##≈≈#..## #.#.###..#
###..##
##≈≈##..####.#.#.#.#
#...##
###≈≈##..####..#..##
##.###
#.##≈≈##..##..##.##
#.#.###
...##≈≈##..##.##..##
##....##
....#...#..#..###..##
####...
.....##...##.## ##..#
##.# .......###...#
#.#.# ##.
####...†...###
##..### ## #####...#
#..##≈## # #.###
##Y###≈≈# ## ###
#.#C##≈≈##########≈ 8
##..≈≈≈≈≈≈≈≈≈≈≈≈≈≈≈
## ##≈≈≈≈≈≈≈≈≈≈≈≈≈≈≈≈
###≈≈≈#############≈
#≈≈≈≈≈.# #.
#≈≈≈≈###............#
#≈≈≈≈# ...###......
≈≈### ..## $....#. ##
..# )$$$$#. ..# ....
#.


You could see a frost giant (corroded).

Vanquished Creatures
  Harold (D:8)
  A tengu warrior (D:9)
  2 two-headed ogres
  An orc knight (D:10)
  A cyclops (D:7)
  Maurice (D:9)
  A gargoyle (D:10)
  Psyche (D:8)
  A tengu conjurer (D:9)
  8 polar bears (IceCv)
  A shadow (D:10)
  A wyvern (D:9)
  10 yaks
  A steam dragon (D:8)
  Menkaure (D:7)
  An acid dragon (D:10)
  2 orc warriors
  A sky beast (D:7)
  A black bear (D:5)
  A necrophage (D:4)
  3 wolves (IceCv)
  An ogre (D:4)
  7 centaurs
  2 phantoms
  A kobold brigand (Sewer)
  3 scorpions
  A water moccasin skeleton (D:5)
  8 wights
  A howler monkey (D:8)
  2 centaur zombies
  A hound (D:4)
  2 jellies
  3 orc priests
  3 bullfrog skeletons
  3 iguanas
  4 orc wizards
  Terence (D:2)
  Natasha (thrice) (D:2)
  3 hell rats (D:5)
  A killer bee zombie (D:6)
  Robin (D:2)
  3 howler monkey zombies
  5 river rats
  9 adders
  14 gnolls
  3 shadow imps
  13 white imps
  A dart slug (D:2)
  63 orcs
  8 ball pythons
  10 endoplasms
  2 giant cockroaches
  8 goblins (D:2)
  5 hobgoblins
  8 jackals
  8 kobolds
  2 quokkas
  5 bats
  4 frilled lizards
  19 rats
282 creatures vanquished.

Vanquished Creatures (others)
  6 plants
  A withered plant (D:1)
7 creatures vanquished.

Grand Total: 289 creatures vanquished

Notes
Turn   | Place    | Note
-------+----------+-------------------------------------------
     0 | D:1      | Gather the Octopode Transmuter began the quest for the Orb.
     0 | D:1      | Reached XP level 1. HP: 13/13 MP: 3/3
   209 | D:1      | Reached skill level 1 in Stealth
   209 | D:1      | Reached XP level 2. HP: 11/18 MP: 5/5
   212 | D:1      | Learned a level 2 spell: Wereblood
   681 | D:1      | Found a faded altar of an unknown god.
  1114 | D:2      | Reached XP level 3. HP: 12/23 MP: 4/6
  1395 | D:2      | Learned a level 3 spell: Spider Form
  1579 | D:2      | Reached XP level 4. HP: 25/28 MP: 7/7
  1903 | D:2      | Noticed Robin
  1912 | D:2      | Killed Robin
  2052 | D:2      | Noticed Natasha
  2254 | D:2      | Killed Natasha
  2255 | D:2      | Reached XP level 5. HP: 24/33 MP: 0/8
  2613 | D:2      | Noticed Terence
  2634 | D:2      | Killed Terence
  2712 | D:2      | Noticed Natasha
  2723 | D:2      | Killed Natasha
  2774 | D:2      | Noticed Natasha
  2793 | D:2      | Killed Natasha
  3151 | D:3      | Reached XP level 6. HP: 33/38 MP: 9/9
  3504 | D:3      | Found a glowing drain.
  3573 | Sewer    | Entered a sewer
  4026 | Sewer    | Found a white marble altar of Elyvilon.
  4264 | D:3      | Learned a level 2 spell: Blink
  4309 | D:3      | Reached skill level 1 in Translocations
  5648 | D:4      | Reached XP level 7. HP: 28/43 MP: 8/10
  6576 | D:4      | Found a stormy altar of Qazlal.
  6599 | D:4      | Found an iron altar of Okawaru.
  6653 | D:4      | Found a white marble altar of Elyvilon.
  6987 | D:4      | Identified the Collected Works on Curses and Cold
  7080 | D:5      | Entered Level 5 of the Dungeon
  7156 | D:5      | Reached XP level 8. HP: 40/51 MP: 11/11
  7318 | D:4      | Learned a level 3 spell: Frozen Ramparts
  7504 | D:5      | Reached skill level 1 in Ice Magic
  7667 | D:5      | Found an ancient bone altar of Kikubaaqudgha.
  7668 | D:5      | Found a shimmering blue altar of Sif Muna.
  7678 | D:5      | Became a worshipper of Sif Muna the Loreminder
  8062 | D:5      | Found a hazy altar of Hepliaklqana.
  8485 | D:5      | Found the +2 ratskin cloak {*Rats rPois rN+ Str-1 Int-1
                  | Dex+1}
  8770 | D:6      | Reached skill level 5 in Transmutations
  9299 | D:6      | Found an opulent altar of Gozag.
  9299 | D:6      | Found a glowing silver altar of Zin.
  9425 | D:6      | Reached skill level 5 in Ice Magic
  9714 | D:6      | Found a sacrificial altar of Ru.
  9815 | D:6      | Reached XP level 9. HP: 21/55 MP: 14/14
 10006 | D:6      | Learned a level 4 spell: Ice Form
 10301 | D:7      | Upgraded the game from 0.27-a0-1113-gb2b6fe9c5e to
                  | 0.27-a0-1118-ga84896973d
 10318 | D:7      | Reached * piety under Sif Muna
 10790 | D:7      | Found a staircase to the Ecumenical Temple.
 10818 | D:7      | Noticed a cyclops
 11224 | D:7      | Noticed Menkaure
 11238 | D:7      | Killed Menkaure
 11309 | D:7      | Killed a cyclops
 11310 | D:7      | Reached skill level 5 in Stealth
 11310 | D:7      | Reached skill level 5 in Unarmed Combat
 12249 | D:8      | Noticed a two-headed ogre
 12260 | D:8      | Killed a two-headed ogre
 12261 | D:8      | Reached skill level 5 in Dodging
 12261 | D:8      | Reached XP level 10. HP: 54/65 MP: 8/15
 12587 | D:8      | Reached ** piety under Sif Muna
 12698 | D:8      | Found a hide-covered altar of Uskayaw.
 12869 | D:8      | Noticed Psyche
 12913 | D:8      | Killed Psyche
 12983 | D:8      | Reached skill level 1 in Invocations
 12983 | D:8      | Reached skill level 1 in Evocations
 13080 | D:8      | Noticed Harold
 13113 | D:8      | Killed Harold
 13519 | D:9      | Noticed a tengu warrior
 13528 | D:9      | Killed a tengu warrior
 13803 | D:9      | Noticed Maurice
 13812 | D:9      | Killed Maurice
 13919 | D:9      | Noticed a two-headed ogre
 13929 | D:9      | Killed a two-headed ogre
 13930 | D:9      | Reached XP level 11. HP: 70/70 MP: 9/16
 14213 | D:9      | Found Syczin's Hydra Hut.
 14213 | D:9      | Noticed a four-headed hydra
 14767 | D:10     | Entered Level 10 of the Dungeon
 14794 | D:10     | Noticed an orc knight
 14806 | D:10     | Killed an orc knight
 14807 | D:10     | Reached skill level 1 in Shields
 14977 | D:10     | Found a staircase to the Orcish Mines.
 14982 | D:10     | Found Vig Wei's Armour Emporium.
 15512 | D:10     | Found a blossoming altar of Fedhas.
 15627 | D:10     | Reached *** piety under Sif Muna
 15797 | D:10     | Found a burning altar of Makhleb.
 15881 | D:11     | Found a frozen archway.
 15959 | IceCv    | Entered an ice cave
 17267 | IceCv    | Noticed a frost giant
 17425 | IceCv    | HP: 2/84 [frost giant/+1 battleaxe of freezing (40)]
 17426 | IceCv    | Annihilated by a frost giant

Illustrated notes

Levels and vault maps discovered:
D:1:      giann_forest_graveyard, layout_basic, shapermc_ecumenical_altar_gd
D:2:      layout_basic, uniq_robin, uniq_terence, uniq_natasha
D:3:      layout_loops_ring, portal_sewer_entry_d
D:4:      layout_loops_ring, kennysheep_mini_moat,
          nicolae_qazlal_general_emergency, okawaru_metal_pillars_1_2,
          grunt_ministairs_3
D:5:      wander_guarded_unrand_ratskin, layout_basic,
          overflow_temple_1_default, chequers_temple_overflow_statue_of_worship
D:6:      layout_loops_cross, grunt_temple_overflow_gold_and_silver,
          nicolae_ru_awakened_eye
D:7:      layout_cave_pools, minmay_temple_entry_mist, minmay_tree_intersection,
          kennysheep_decorative_pillar, uniq_menkaure
D:8:      layout_basic, nicolae_uskayaw_dance_hall, special_room
          [special_room_orc], uniq_harold, uniq_psyche
D:9:      layout_grid_maze, chequers_decorated_corner, doesnt_shop_hydraphobe,
          uniq_maurice
D:10:     layout_roguey, fedhas_altar_1, kennysheep_mini, orc_david_3,
          special_room [special_room_orc], hangedman_decor_peaks_small
D:11:     layout_basic, lair_entry_dummy, portal_ice_cave_entry_imps,
          uniq_erolcha
IceCv:    ice_cave_small_giant

Skill      XL: |  1  2  3  4  5  6  7  8  9 10 11 |
---------------+----------------------------------+-----
Stealth        | 1 2 3 6 8 |  8.0
Poison Magic   | 2 3 4 |  4.0
Transmutations | 3 4 5 |  5.8
Unarmed Combat | 4 6 7 8 |  8.4
Translocations | 2 |  2.3
Fighting       | 2 4 |  4.7
Dodging        | 3 5 6 7 |  7.5
Spellcasting   | 3 |  3.7
Ice Magic      | 5 6 7 8 |  8.5
Invocations    | 3 |  3.8
Evocations     | 3 |  3.8
Shields        | 3 |  3.8

Action                   |  1- 3 |  4- 6 |  7- 9 | 10-12 || total
-------------------------+-------+-------+-------+-------++-------
Melee: Unarmed           |    55 |   155 |   246 |   165 ||   621
       Tentacles         |    11 |    10 |    17 |     2 ||    40
       Punch             |     2 |       |     1 |       ||     3
       Constrict         |    11 |    13 |    12 |     2 ||    38
       Kick              |    11 |    16 |    16 |       ||    43
       Dagger            |       |       |       |     7 ||     7
 Fire: Hunting sling     |       |       |     7 |       ||     7
Throw: Dart              |     4 |     5 |    20 |    42 ||    71
 Cast: Beastly Appendage |    17 |    14 |    12 |       ||    43
       Spider Form       |       |    21 |    21 |       ||    42
       Wereblood         |       |     3 |     3 |     8 ||    14
       Frozen Ramparts   |       |       |    13 |    29 ||    42
       Ice Form          |       |       |    17 |    31 ||    48
 Abil: End Transformatio |       |       |     4 |     2 ||     6
Evoke: Wand              |       |       |     2 |     8 ||    10
  Use: Scroll            |       |    11 |     7 |     1 ||    19
       Potion            |       |     1 |     4 |     3 ||     8
 Stab: Sleeping          |    11 |     5 |    11 |     3 ||    30
       Paralysed         |       |       |       |     3 ||     3
Armor: Skin              |     6 |     5 |    10 |    56 ||    77
Dodge: Dodged            |    27 |    94 |   134 |    91 ||   346
Block: Other             |       |    12 |    41 |    44 ||    97
       Reflection        |       |       |     1 |       ||     1
       Buckler           |       |       |       |     1 ||     1

Table legend: (Time is in decaauts)
 A = Elapsed time spent in this place.
 B = Non-inter-level travel time spent in this place.
 C = Inter-level travel time spent in this place.
 D = Time resting spent in this place.
 E = Time spent auto-exploring this place.
 F = Levels seen in this place.
 G = Mean time per level.
                   A        B        C        D        E       F      G
               +--------+--------+--------+--------+--------+-----+--------+
         Total |  17374 |  16943 |    431 |   4796 |   8923 |  13 | 1336.5 |
       Dungeon |  15424 |  14993 |    431 |   3820 |   8471 |  11 | 1402.2 |
         Sewer |    491 |    491 |      0 |    200 |    165 |   1 |  491.0 |
      Ice Cave |   1459 |   1459 |      0 |    776 |    287 |   1 | 1459.0 |
               +--------+--------+--------+--------+--------+-----+--------+

Top non-repeatable levels by time:
     D:2: 2186 daAuts
     D:3: 1842 daAuts
     D:4: 1825 daAuts
     D:8: 1694 daAuts
     D:5: 1609 daAuts
     D:6: 1523 daAuts
   IceCv: 1459 daAuts
     D:9: 1302 daAuts
     D:7: 1238 daAuts
    D:10: 1078 daAuts
     D:1: 1020 daAuts
   Sewer: 491 daAuts
    D:11: 102 daAuts
